 Dungeon Crawl Stone Soup version 0.26-a0-831-g7192265339 (webtiles) character file.

Game seed: 1046765418569269534

49417 strifetoe the Bludgeoner (level 14, -1/88 HPs)
             Began as a Gargoyle Monk on Nov 15, 2020.
             Was a High Priest of Nemelex Xobeh.
             Slain by a black mamba (2 damage)
             ... on level 6 of the Lair of Beasts.
             The game lasted 00:30:57 (21267 turns).

strifetoe the Bludgeoner (Gargoyle Monk)           Turns: 21267, Time: 00:30:58

Health: -1/88      AC: 29    Str: 26    XL:     14   Next: 50%
Magic:  19/19      EV: 10    Int: 10    God:    Nemelex Xobeh [*****.]
Gold:   734        SH: 10    Dex: 12    Spells: 13/13 levels left

rFire    + + .     SeeInvis .   a - +3 morningstar (freeze)
rCold    x . .     Faith    .   H - +0 kite shield
rNeg     + . .     Spirit   .   Q - +0 fire dragon scales
rPois    ∞         Reflect  .   A - +2 hat
rElec    +         Harm     .   y - +1 cloak
rCorr    .         Rampage  .   z - +0 pair of gloves
MR       +....                  J - +0 pair of boots
Stlth    ..........             (no amulet)
HPRegen  0.24/turn              I - ring of Ephemeral Luck {Wiz rC- Str+5 Slay+5}
MPRegen  0.16/turn              M - ring of protection from cold

@: studying Ice Magic
A: big wings, negative energy resistance 1, electricity resistance, unbreathing,
petrification resistance, rot immunity, AC +10
a: Fly, Draw Escape, Draw Destruction, Draw Summoning, Triple Draw, Deal Four,
Stack Five, Renounce Religion


You were on level 6 of the Lair of Beasts.
You worshipped Nemelex Xobeh.
Nemelex Xobeh was extremely pleased with you.
You visited 3 branches of the dungeon, and saw 19 of its levels.
You also visited: Ossuary, Ice Cave and Volcano.

You collected 1325 gold pieces.
You spent 591 gold pieces at shops.

Inventory:

Hand Weapons
 a - a +3 morningstar of freezing (weapon)
 v - a +0 war axe of draining
 K - the +8 mace of the Sugar Beet {antimagic, +Inv rF+}
   (You found it on level 8 of the Dungeon)

   It reduces the magical energy of the wielder, and disrupts the spells and
   magical abilities of those hit.
   Natural abilities and divine invocations are not affected.
   It protects you from fire.
   It lets you turn invisible.
Missiles
 B - 16 javelins (quivered)
Armour
 y - a +1 cloak (worn)
 z - a +0 pair of gloves (worn)
 A - a +2 hat (worn)
 H - a +0 kite shield (worn)
 J - a +0 pair of boots (worn)
 N - the +3 chain mail of Summertime {rN+ Str+2}
   (You bought it in a shop on level 8 of the Dungeon)

   It affects your strength (+2).
   It protects you from negative energy.
 Q - +0 fire dragon scales (worn)
 R - a +3 chain mail of fire resistance
Jewellery
 C - an uncursed ring of protection from fire
 G - an uncursed ring of positive energy
 I - the ring of Ephemeral Luck (left hand) {Wiz rC- Str+5 Slay+5}
   (You found it in an ice cave)

   [ring of wizardry]

   It improves your spell success rate.
   It affects your strength (+5).
   It affects your accuracy and damage with ranged weapons and melee attacks
   (+5).
   It makes you vulnerable to cold.
 M - a ring of protection from cold (right hand)
Wands
 b - a wand of paralysis (16)
 n - a wand of disintegration (18)
 o - a wand of acid (9)
 u - a wand of iceblast (23)
 F - a wand of enslavement (16)
 P - a wand of polymorph (8)
Scrolls
 g - 5 scrolls of amnesia
 i - 3 scrolls of fog
 j - 4 scrolls of enchant armour
 k - 8 scrolls of remove curse
 l - 5 scrolls of identify
 m - a scroll of fear
 q - 12 scrolls of teleportation
 s - a scroll of brand weapon
 E - 3 scrolls of enchant weapon
Potions
 c - 3 potions of berserk rage
 d - 2 potions of magic
 e - 3 potions of might
 f - 6 potions of flight
 h - a potion of haste {unknown}
 p - 3 potions of invisibility
 r - 2 potions of cancellation
 t - 2 potions of attraction
 w - 5 potions of curing
 x - a potion of mutation
 D - 3 potions of resistance
 O - a potion of brilliance
 S - 4 potions of heal wounds
Books
 L - a manual of Ice Magic


   Skills:
 + Level 10.4 Fighting
 - Level 9.0(12.8) Axes
 - Level 15.6(16.5) Maces & Flails
 - Level 11.0 Armour
 + Level 4.7 Dodging
 - Level 2.1 Stealth
 - Level 5.0 Shields
 - Level 7.6 Invocations


You had 13 spell levels left.
You didn't know any spells.
Your spell library contained the following spells:

 Spells                   Type           Power        Failure   Level
 Animate Skeleton         Necr           #.....       73%         1
 Apportation              Tloc           #.....       73%         1
 Corona                   Hex            #......      73%         1
 Magic Dart               Conj           #...         73%         1
 Shock                    Conj/Air       #...         73%         1
 Summon Small Mammal      Summ           #...         73%         1
 Blink                    Tloc           N/A          86%         2
 Call Imp                 Summ           #.......     86%         2
 Slow                     Hex            #.......     86%         2
 Swiftness                Air            #.......     86%         2
 Conjure Flame            Conj/Fire      #.......     97%         3
 Mephitic Cloud           Conj/Pois/Air  #.......     97%         3
 Static Discharge         Conj/Air       #.......     97%         3
 Airstrike                Air            #.........   100%        4
 Lightning Bolt           Conj/Air       #.........   100%        5


Dungeon Overview and Level Annotations

Branches:
Dungeon (12/15)            Temple (1/1) D:5            Lair (6/6) D:9
 Shoals (0/4) Lair:3        Snake (0/4) Lair:2        Slime (0/5) Lair:6
    Orc (0/2) D:10        Ossuary (visited)           IceCv (visited)
Volcano (visited)

Altars:
Ashenzari
Cheibriados
Dithmenos
Elyvilon
Fedhas
Gozag
Hepliaklqana
Kikubaaqudgha
Nemelex Xobeh
Okawaru
Qazlal
Ru
Sif Muna
Trog
Uskayaw
Vehumet
Wu Jian
Xom
Yredelemnul
Zin
The Shining One
Jiyva

Shops:
D:4 ?[==[   D:7 (   D:8 [   D:10 }

Portals:
Gauntlet: Lair:6

Annotations:
D:8 exclusion: downstairs
D:10 exclusion: downstairs
Lair:4 3 runed translucent doors, Aricsoirch's ghost, journeyman GrFi
Lair:5 exclusion: 2 oklob plants


Innate Abilities, Weirdness & Mutations

You are resistant to torment.
Your stone body is resilient. (AC +10)
You are immune to poison.
Your large and strong wings let you fly indefinitely.
You resist negative energy. (rN+)
You are resistant to electric shocks. (rElec)
You can survive without breathing.
You are immune to petrification.
You are immune to rotting.


Message History

The blink frog blinks!
The blink frog hits you but does no damage.
The blink frog hits you.
The blink frog blinks! x2
Found a knobbly runed staff.
You closely miss the blink frog. The blink frog barely misses you.
The blink frog hits the fungus!!
The fungus begins to die.
The blink frog hits you.
The blink frog blinks! x2
The blink frog blinks!
The blink frog blinks!
The black mamba bites you!
The black mamba bites you but does no damage.
The black mamba bites you!
* * * LOW HITPOINT WARNING * * *
The blink frog blinks!
There is a gate leading to a gauntlet here.
Beware, the minotaur awaits!
You block the black mamba's attack. The komodo dragon bites you!
* * * LOW HITPOINT WARNING * * *
The black mamba bites you.
You die...
Your body glows with a rainbow of weird colours and disappears.

*,,,*,***
#.F#####.###...****,,,
,,,,***
#.F.##.##.**##*,**,,,,
,,,,* ##..#..#.###*#
****,,8, ,,,**
#...##....##.# *,*,,,
,,** ##..F.........#
**,,,, ,,*
**#.............# *,,,,,
,,* **#.......§F.....##
**,,,8 ,**
*,#P......Sl......# ***,,
,* *......F..F@......#
**, ,*
*............!....# **,,
,* *...|.............#
**,,, ,*
**................# *,,,*
,** **..............##*
*,,** ,,***
*,,...............*
**,,,,
,,,,***,,..............#*
*,,,,,
*,,,**,**.............##
**,,,,
**,,,,*,,*,,,,,,,,,,,**
**,**


You could see a komodo dragon, a black mamba, a cane toad and 4 blink frogs.

Vanquished Creatures
  Rupert (Lair:3)
  Frances (D:12)
  Gastronok (D:11)
  Harold (D:8)
  A boulder beetle (Lair:4)
  5 hydras
  A two-headed ogre (D:12)
  15 death yaks
  Urug (Lair:3)
  2 skeletal warriors (Volcano)
  A cyclops (D:12)
  3 ugly things
  3 black mambas
  3 centaur zombies
  3 ice statues (IceCv)
  10 cane toads
  A gargoyle (Volcano)
  3 rime drakes
  A kobold demonologist (D:11)
  8 komodo dragons
  2 polar bears
  2 trolls
  A shadow (D:12)
  2 flying skulls (Volcano)
  A spriggan (D:12)
  3 wraiths (D:11)
  5 wyverns
  A vampire (D:12)
  5 basilisks
  15 yaks
  A tarantella (Lair:3)
  4 vampire mosquitoes (D:12)
  5 nagas (Lair:2)
  An acid dragon (D:12)
  11 water moccasins
  8 ice beasts
  5 orc warriors
  A swamp drake (Lair:1)
  2 sky beasts
  2 phantoms
  2 black bears
  A necrophage (D:9)
  3 ogres
  2 centaurs (D:6)
  4 big kobolds
  29 bullfrogs
  6 water moccasin zombies (Ossuary)
  3 scorpions
  16 wights
  A spriggan skeleton (Volcano)
  5 howler monkeys
  An electric eel (Lair:2)
  A bullfrog skeleton (D:6)
  4 jellies
  2 centaur skeletons
  7 orc priests
  7 hounds
  2 orc wizards (D:8)
  5 iguanas
  7 worker ants
  4 hell rats (Lair:5)
  5 big kobold zombies (Ossuary)
  2 naga skeletons (Volcano)
  4 hound skeletons
  2 mummies (Ossuary)
  A worker ant zombie (D:8)
  A gnoll (D:6)
  18 adders
  3 river rats (Lair:1)
  4 white imps
  An ufetubus (D:6)
  2 oozes
  3 adder zombies (Ossuary)
  A worm (D:3)
  3 dart slugs
  6 leopard geckos
  45 orcs
  6 giant cockroaches
  8 goblins
  8 hobgoblins
  11 jackals
  8 quokkas
  2 ball pythons
  3 bats
  4 frilled lizards
  4 gnoll zombies (Ossuary)
  A hobgoblin zombie (Ossuary)
  36 kobolds
  5 kobold zombies (Ossuary)
  A leopard gecko skeleton (D:5)
  5 orc zombies (Ossuary)
  3 quokka skeletons
  9 rats
469 creatures vanquished.

Vanquished Creatures (collateral kills)
  An ugly thing (D:10)
  2 gargoyles (Volcano)
  2 alligator skeletons (Volcano)
5 creatures vanquished.

Vanquished Creatures (others)
  A flying skull (Volcano)
  25 fungi
  36 plants
62 creatures vanquished.

Grand Total: 536 creatures vanquished

Notes
Turn   | Place    | Note
-------+----------+-------------------------------------------
     0 | D:1      | strifetoe the Gargoyle Monk began the quest for the Orb.
     0 | D:1      | Reached XP level 1. HP: 14/14 MP: 1/1
   172 | D:1      | Reached XP level 2. HP: 19/19 MP: 2/2
   682 | D:1      | Reached XP level 3. HP: 19/23 MP: 3/3
  1386 | D:2      | Reached XP level 4. HP: 28/28 MP: 4/4
  1781 | D:2      | Found a faded altar of an unknown god.
  2003 | D:2      | You fall into a shaft and drop 2 floors!
  2060 | D:3      | Reached skill level 5 in Axes
  2072 | D:3      | Reached XP level 5. HP: 32/32 MP: 5/5
  2151 | D:3      | Found a radiant altar of Vehumet.
  2562 | D:3      | Found a glowing golden altar of the Shining One.
  2726 | D:3      | Found a snail-covered altar of Cheibriados.
  2732 | D:3      | Found a stormy altar of Qazlal.
  2732 | D:3      | Found a hide-covered altar of Uskayaw.
  2735 | D:3      | Found a broken altar of Ashenzari.
  2736 | D:3      | Found a glowing silver altar of Zin.
  3114 | D:4      | Reached XP level 6. HP: 36/37 MP: 6/6
  3256 | D:4      | Found Oqaar's Armour Emporium.
  3266 | D:4      | Bought a +0 cloak for 45 gold pieces
  3266 | D:4      | Bought a cursed +0 pair of gloves for 35 gold pieces
  3287 | D:4      | Found Welo's Jewellery Emporium.
  3581 | D:4      | Found Dixazey's Antique Armour Shoppe.
  3629 | D:4      | Found Fuveem's Jewellery Boutique.
  3706 | D:4      | Bought an embroidered hat for 119 gold pieces
  3801 | D:4      | Reached XP level 7. HP: 39/41 MP: 7/7
  3831 | D:4      | Found Tuitor Ecott's Magic Scroll Shoppe.
  3965 | D:5      | Entered Level 5 of the Dungeon
  3990 | D:5      | Found a staircase to the Ecumenical Temple.
  4004 | Temple   | Entered the Ecumenical Temple
  4146 | Temple   | Became a worshipper of Nemelex Xobeh the Trickster
  4146 | Temple   | Reached * piety under Nemelex Xobeh
  4146 | Temple   | Received a gift from Nemelex Xobeh
  4146 | Temple   | Reached ** piety under Nemelex Xobeh
  4203 | D:5      | Found a sand-covered staircase.
  4278 | Ossuary  | Entered an ossuary
  4716 | Ossuary  | Reached skill level 5 in Fighting
  4724 | Ossuary  | Reached XP level 8. HP: 42/50 MP: 8/8
  5204 | D:5      | Found a shimmering blue altar of Sif Muna.
  6256 | D:6      | Reached XP level 9. HP: 46/60 MP: 9/9
  6905 | D:7      | Reached skill level 1 in Maces & Flails
  7090 | D:7      | Reached skill level 2 in Maces & Flails
  7160 | D:7      | Reached skill level 3 in Maces & Flails
  7253 | D:7      | Found Unininea's Antique Weapon Emporium.
  7461 | D:8      | Received a gift from Nemelex Xobeh
  7493 | D:8      | Got a jewelled mace
  7494 | D:8      | Identified the +8 mace of the Sugar Beet {antimagic, +Inv
                  | rF+} (You found it on level 8 of the Dungeon)
  7568 | D:8      | Reached skill level 5 in Maces & Flails
  7637 | D:8      | Found Puthah's Antique Armour Boutique.
  7647 | D:8      | Bought a buckler for 126 gold pieces
  7746 | D:8      | Found a sacrificial altar of Ru.
  7920 | D:8      | Reached skill level 1 in Shields
  8278 | D:9      | Reached skill level 6 in Maces & Flails
  8278 | D:9      | Reached XP level 10. HP: 64/66 MP: 3/10
  8280 | D:9      | Noticed Harold
  8293 | D:9      | Reached *** piety under Nemelex Xobeh
  8304 | D:9      | Received a gift from Nemelex Xobeh
  8711 | D:8      | Killed Harold
  8712 | D:8      | Reached skill level 7 in Maces & Flails
  8712 | D:8      | Reached skill level 5 in Shields
  8932 | D:8      | Reached skill level 8 in Maces & Flails
  9279 | D:9      | Found a staircase to the Lair.
  9320 | D:10     | Entered Level 10 of the Dungeon
  9405 | D:9      | Reached skill level 1 in Invocations
  9673 | D:10     | Reached skill level 9 in Maces & Flails
 10097 | D:10     | Found a staircase to the Orcish Mines.
 10120 | D:10     | Found Nezuecw's Gadget Shop.
 10178 | D:11     | Reached XP level 11. HP: 44/71 MP: 4/14
 10307 | D:11     | Received a gift from Nemelex Xobeh
 10310 | D:11     | Noticed a red ugly thing
 10314 | D:11     | Noticed a brown ugly thing
 10529 | D:11     | Noticed Gastronok
 10570 | D:11     | Killed Gastronok
 10571 | D:11     | Reached skill level 10 in Maces & Flails
 10571 | D:11     | Reached skill level 5 in Invocations
 10832 | D:11     | Noticed a boulder beetle
 10848 | D:10     | Killed a purple ugly thing
 10864 | D:10     | Killed a cyan ugly thing
 11069 | D:10     | Banished a boulder beetle
 11322 | D:11     | Noticed a soul eater
 11435 | D:8      | Bought a slimy chain mail for 266 gold pieces
 11445 | D:8      | Identified the +3 chain mail of Summertime {rN+ Str+2} (You
                  | bought it in a shop on level 8 of the Dungeon)
 11868 | D:11     | Noticed a four-headed hydra
 11873 | D:11     | Killed a four-headed hydra
 11874 | D:11     | Reached skill level 11 in Maces & Flails
 12016 | D:11     | Reached **** piety under Nemelex Xobeh
 12164 | D:12     | Received a gift from Nemelex Xobeh
 12246 | D:12     | Noticed Frances
 12260 | D:12     | HP: 3/71 [Frances/iron shot (26)]
 12262 | D:12     | Killed Frances
 12263 | D:12     | Reached skill level 12 in Maces & Flails
 12263 | D:12     | Reached XP level 12. HP: 31/76 MP: 17/17
 13022 | D:12     | Noticed a two-headed ogre
 13030 | D:12     | Killed a two-headed ogre
 13031 | D:12     | Reached skill level 13 in Maces & Flails
 13041 | D:12     | Noticed a two-headed ogre
 13363 | Lair:1   | Entered Level 1 of the Lair of Beasts
 13392 | Lair:1   | Found a dark tunnel.
 13399 | Volcano  | Entered a volcano
 14194 | Lair:1   | Reached skill level 14 in Maces & Flails
 14470 | Lair:1   | Received a gift from Nemelex Xobeh
 14501 | Lair:1   | Reached ***** piety under Nemelex Xobeh
 15115 | Lair:2   | Received a gift from Nemelex Xobeh
 15362 | Lair:2   | Noticed a seven-headed hydra
 15374 | Lair:2   | Killed a seven-headed hydra
 15440 | Lair:2   | Reached skill level 1 in Armour
 15442 | Lair:2   | Noticed a seven-headed hydra
 15459 | Lair:2   | Killed a seven-headed hydra
 15460 | Lair:2   | Reached XP level 13. HP: 12/80 MP: 18/18
 15609 | Lair:2   | Reached skill level 15 in Maces & Flails
 15950 | Lair:2   | Found a staircase to the Snake Pit.
 16586 | Lair:2   | Received a gift from Nemelex Xobeh
 16834 | Lair:3   | Noticed Snorg
 16837 | Lair:3   | Noticed Snorg
 16837 | Lair:3   | Snorg changed into Snorg the tarantella
 16841 | Lair:3   | Killed Snorg the tarantella
 16851 | Lair:3   | Found a frozen archway.
 16870 | IceCv    | Entered an ice cave
 17487 | IceCv    | Reached skill level 5 in Armour
 17848 | IceCv    | Got an ancient copper ring
 17864 | IceCv    | Identified the ring of Ephemeral Luck {Wiz rC- Str+5
                  | Slay+5} (You found it in an ice cave)
 18050 | Lair:3   | Noticed Rupert
 18057 | Lair:3   | Killed Rupert
 18506 | Lair:3   | Noticed Urug
 18761 | Lair:3   | Found a staircase to the Shoals.
 18874 | Lair:3   | Reached skill level 10 in Armour
 18874 | Lair:3   | Gained mutation: Your large and strong wings let you fly
                  | indefinitely. [Gargoyle growth]
 18874 | Lair:3   | Reached XP level 14. HP: 72/86 MP: 19/19
 18992 | Lair:3   | Killed Urug
 19226 | Lair:3   | Received a gift from Nemelex Xobeh
 19664 | Lair:4   | Found a runed translucent gate.
 19664 | Lair:4   | Found a runed translucent gate.
 19664 | Lair:4   | Found a runed translucent gate.
 19673 | Lair:4   | Noticed Aricsoirch's ghost (journeyman GrFi)
 19675 | Lair:4   | Found a viscous altar of Jiyva.
 20031 | Lair:4   | Received a gift from Nemelex Xobeh
 20371 | Lair:5   | Received a gift from Nemelex Xobeh
 21198 | Lair:6   | Entered Level 6 of the Lair of Beasts
 21203 | Lair:6   | Reached skill level 10 in Fighting
 21258 | Lair:6   | Found a gate leading to a gauntlet.
 21267 | Lair:6   | HP: 1/88 [komodo dragon (16)]
 21267 | Lair:6   | Slain by a black mamba

Illustrated notes

Levels and vault maps discovered:
D:1:      lightli_arrival_statuegarden, layout_loops_corners, st_stairs_3
D:2:      layout_loops_corners, chequers_ecumenical_altar_grove,
          minmay_misc_feat_chi
D:3:      layout_rooms, tso_altar, minitemple, old_standard_altar,
          minmay_guardbox
D:4:      layout_rooms, serial_shops, shop, shop, shop, shop, shop
D:5:      layout_rooms, overflow_temple_1_default,
          minmay_temple_entry_stoned_glass, enter_ossuary_5,
          chequers_serial_rivers_micro_a
D:6:      minmay_octagon_keep, layout_loops_ring, serial_glass, glass_columns_a,
          glass_columns_a, minmay_strange_pillars, minmay_strange_pillars,
          glass_columns_c
D:7:      layout_loops_cross, serial_shops, shop
D:8:      layout_loops_ring, nicolae_ru_sacrificial_ziggurat, serial_shops,
          shop_statue
D:9:      layout_cave_pools, lair_entry_dummy, uniq_harold
D:10:     layout_roguey, hiddenorc1_lemuel, serial_shops, kennysheep_little_box,
          item_on_display_a
D:11:     layout_loops_cross, uniq_gastronok
D:12:     minmay_the_grid_square_5x5_5x5 [minmay_the_grid_square_5x5_lines,
          minmay_the_grid_square_5x5_shrine2, minmay_the_grid_square_5x5_bridge,
          minmay_the_grid_square_5x5_inner_v,
          minmay_the_grid_square_5x5_percent,
          minmay_the_grid_square_5x5_gyroscope,
          minmay_the_grid_square_5x5_prize_gold,
          minmay_the_grid_square_5x5_two_walls_b,
          minmay_the_grid_square_5x5_prize_itemx,
          minmay_the_grid_square_5x5_eight_small,
          minmay_the_grid_square_5x5_spiral_small,
          minmay_the_grid_square_5x5_shrine1,
          minmay_the_grid_square_5x5_prize_pseudospiral,
          minmay_the_grid_square_5x5_one_wall, minmay_the_grid_square_5x5_comb,
          minmay_the_grid_square_5x5_trominoes,
          minmay_the_grid_square_5x5_prize_monsterx,
          minmay_the_grid_square_5x5_two_walls_a,
          minmay_the_grid_square_5x5_prize_rear_guard,
          minmay_the_grid_square_5x5_n_small,
          minmay_the_grid_square_5x5_dogpile,
          minmay_the_grid_square_5x5_beaten_path,
          minmay_the_grid_square_5x5_hourglass,
          minmay_the_grid_square_5x5_checkered,
          minmay_the_grid_square_5x5_empty], layout_long_grid, the_bakery,
          uniq_frances
Temple:   oiseaux_autumnal_temple
Lair:1:   layout_regular_city, nicolae_volcano_entry_lava_flow, pond
Lair:2:   layout_cave_pods, minmay_snake_entry_guardpost_medium,
          chequers_serial_rivers_small_b, beast_lair_carwin_1,
          serial_bayou_shore_a, infiniplex_staircase_pool_2,
          serial_bayou_shore_b, lemuel_fruit_fields
Lair:3:   layout_chaotic_city, shoals_dummy_entry,
          portal_ice_cave_entry_pillars_2, uniq_urug, uniq_rupert, uniq_snorg
Lair:4:   layout_roguey, gammafunk_ghost_ooze
Lair:5:   layout_gridlike, chequers_serial_rivers_large_b,
          lemuel_another_geyser, lemuel_fruit_fields, minmay_lair_oklob_chamber
Lair:6:   evilmike_catoblepas_cave, layout_cave_pods,
          dpeg_slime_entry_enclosed_altar, gauntlet_entry_generic

Skill      XL: |  1  2  3  4  5  6  7  8  9 10 11 12 13 14 |
---------------+-------------------------------------------+-----
Axes           | 3 4 5 7 8 9 |  9.0
Fighting       | 5 8 9 10 | 10.4
Maces & Flails | 6 9 12 14 15 | 15.6
Shields        | 2 5 |  5.0
Invocations    | 4 7 |  7.6
Armour         | 2 10 11 | 11.0
Dodging        | 4 |  4.7
Stealth        | |  2.1

Action                   |  1- 3 |  4- 6 |  7- 9 | 10-12 | 13-15 || total
-------------------------+-------+-------+-------+-------+-------++-------
Melee: Hand axe          |    87 |   165 |       |       |       ||   252
       War axe           |       |    83 |   383 |       |       ||   466
       Mace              |       |       |    63 |   433 |       ||   496
       Morningstar       |       |       |    35 |   227 |   434 ||   696
Invok: Draw Destruction  |       |       |     5 |    17 |     7 ||    29
       Draw Escape       |       |       |       |     5 |     3 ||     8
       Draw Summoning    |       |       |       |     6 |     1 ||     7
       Triple Draw       |       |       |       |       |     3 ||     3
       Deal Four         |       |       |       |       |     1 ||     1
Evoke: Wand              |       |       |       |    10 |     3 ||    13
  Use: Scroll            |       |       |    12 |    16 |     5 ||    33
       Potion            |       |       |       |     2 |     5 ||     7
 Stab: Sleeping          |     2 |       |       |       |       ||     2
       Petrified         |       |       |       |     3 |       ||     3
Armor: Robe              |    25 |       |       |       |       ||    25
       Chain mail        |    10 |   211 |   300 |   362 |    68 ||   951
       Fire dragon scale |       |       |       |    90 |   117 ||   207
Dodge: Dodged            |    59 |   122 |   196 |   198 |   100 ||   675
Block: Buckler           |       |       |     4 |    60 |       ||    64
       Kite shield       |       |       |       |   188 |   136 ||   324

Table legend: (Time is in decaauts)
 A = Elapsed time spent in this place.
 B = Non-inter-level travel time spent in this place.
 C = Inter-level travel time spent in this place.
 D = Time resting spent in this place.
 E = Time spent auto-exploring this place.
 F = Levels seen in this place.
 G = Mean time per level.
                   A        B        C        D        E       F      G
               +--------+--------+--------+--------+--------+-----+--------+
         Total |  21254 |  20377 |    877 |   4817 |  11471 |  22 |  966.1 |
       Dungeon |  12542 |  11837 |    705 |   2416 |   7195 |  12 | 1045.2 |
        Temple |    177 |    177 |      0 |      0 |     57 |   1 |  177.0 |
          Lair |   6108 |   5936 |    172 |   1134 |   3833 |   6 | 1018.0 |
       Ossuary |    707 |    707 |      0 |    138 |    370 |   1 |  707.0 |
      Ice Cave |   1002 |   1002 |      0 |    754 |     14 |   1 | 1002.0 |
       Volcano |    716 |    716 |      0 |    375 |      0 |   1 |  716.0 |
               +--------+--------+--------+--------+--------+-----+--------+

Top non-repeatable levels by time:
  Lair:2: 2074 daAuts
    D:10: 1631 daAuts
     D:8: 1445 daAuts
     D:6: 1284 daAuts
     D:1: 1263 daAuts
  Lair:3: 1205 daAuts
    D:11: 1191 daAuts
  Lair:5: 1055 daAuts
   IceCv: 1002 daAuts
     D:2: 919 daAuts
     D:3: 912 daAuts
     D:4: 903 daAuts
    D:12: 893 daAuts
  Lair:4: 877 daAuts
  Lair:1: 849 daAuts
